 Dungeon Crawl Stone Soup version 0.29.1-12-g30fa7ad0bf (webtiles) character file.

Game seed: 13478923004222686709

845 cheesebisquit the Trooper (level 7, 0/78 HPs)
             Began as a Troll Berserker on Jan 15, 2023.
             Was a Priest of Trog.
             Shot with an arrow by a centaur (8 damage)
             ... on level 5 of the Dungeon.
             The game lasted 00:10:42 (3213 turns).

cheesebisquit the Trooper (Troll Berserker)         Turns: 3213, Time: 00:10:43

Health: 0/78       AC:  4    Str: 28    XL:     7   Next: 68%
Magic:  6/6        EV: 10    Int:  3    God:    Trog [***...]
Gold:   98         SH:  0    Dex:  9    Spells: 6/6 levels left

rFire   . . .      SeeInvis .     - Unarmed
rCold   . . .      Faith    .   (no shield)
rNeg    + . .      Spirit   .   a - +0 animal skin
rPois   .          Reflect  .   (helmet restricted)
rElec   .          Harm     .   (no cloak)
rCorr   .          Rampage  .   (gloves unavailable)
Will    .....                   (boots unavailable)
Stlth   +.........              (no amulet)
HPRegen 1.03/turn               k - ring of positive energy
MPRegen 0.10/turn               n - ring of flight

@: flying
A: large, unfitting armour, claws 3, regeneration 1, shaggy fur 1, tough skin 1
a: Renounce Religion, Berserk, Trog's Hand


You were on level 5 of the Dungeon.
You worshipped Trog.
Trog was most pleased with you.
You visited 1 branch of the dungeon, and saw 5 of its levels.

You collected 98 gold pieces.

Inventory:

Missiles
 f - 15 stones (quivered)
 o - 7 poisoned darts
Armour
 a - a +0 animal skin (worn)
Jewellery
 k - a ring of positive energy (left claw)
 n - a ring of flight (right claw)
Scrolls
 e - a scroll of poison {unknown}
 g - a scroll of fear {unknown}
 h - a scroll of vulnerability {unknown}
 l - a scroll of noise {unknown}
 m - a scroll of silence {unknown}
 p - a scroll of magic mapping {unknown}
 q - a scroll of identify
 r - a scroll of enchant armour {unknown}
 s - a scroll of immolation {unknown}
 t - a scroll of teleportation {unknown}
 u - a scroll of enchant weapon {unknown}
Potions
 b - a potion of degeneration {unknown}
 c - a potion of magic
 d - a potion of heal wounds {unknown}
 i - 2 potions of curing
 j - 2 potions of lignification


   Skills:
 + Level 7.2 Fighting
 - Level 2.4 Dodging
 - Level 4.5 Unarmed Combat


You had 6 spell levels left.
You didn't know any spells.
Your spell library was empty.

Dungeon Overview and Level Annotations

Branches:
Dungeon (5/15)             Temple (0/1) D:4

Altars:
Vehumet


Innate Abilities, Weirdness & Mutations

You are too large for most types of armour.
You have claws for hands.
Your natural rate of healing is unusually fast.
You are covered in fur. (AC +1)
You have tough skin. (AC +1)


Message History

The centaur wields a +0 shortbow.
The centaur shoots an arrow.
The arrow closely misses you.
A gnoll comes into view. It is wielding a +0 halberd.
The gnoll shouts!
You hear a shout! x2
Something shouts, "Back with thee, thou simpering spleeny bounder!"
The centaur shoots an arrow.
The arrow hits you.
The gnoll throws a throwing net.
The throwing net barely misses you.
A gnoll comes into view. It is wielding a +0 club.
You see here a throwing net.
A gnoll comes into view. It is wielding a +0 spear.
The centaur shoots an arrow.
The arrow barely misses you.
The centaur shoots an arrow.
The arrow hits you!
The centaur shoots an arrow.
The arrow closely misses you.
The centaur shoots an arrow.
The arrow hits you!
The centaur shoots an arrow.
The arrow closely misses you.
The centaur shoots an arrow.
The arrow misses you.
A gnoll bouda comes into view. It is wielding a +2 whip of venom.
The centaur shoots an arrow.
The arrow hits you!
The centaur shoots an arrow.
The arrow hits you.
Found a triple crossbow.
The centaur shoots an arrow.
The arrow hits you!
The centaur shoots an arrow.
The arrow hits you.
The centaur shoots an arrow.
The arrow hits you!
* * * LOW HITPOINT WARNING * * *
Okay, then.
Okay, then.
Found a book of Scorching.
A gnoll comes into view. It is wielding a +0 spear.
The gnoll shouts!
You hear a shout! x3
You see here a +0 triple crossbow.
An orc priest and an orc come into view.
The orc priest shouts!
An orc comes into view. It is wielding a +0 whip.
The centaur shoots an arrow.
The arrow hits you!
* * * LOW HITPOINT WARNING * * *
The orc priest mumbles some strange prayers to Beogh against you.
Pain shoots through your body!
* * * LOW HITPOINT WARNING * * *
The centaur shoots an arrow.
The arrow closely misses you.
The centaur shoots an arrow.
The arrow hits you!
You die...

#o.# #.....#.
####.o #........
#..o.# #........
#.#..####.#.... .
#..c.....g....# .
###.#...).#....###
#...#...#.#.#.###.
##.###...#.#...##..
#.@.##...c.Y...g..#
#...##.............
#...##...##....#...
#........##...#....
#....#########..c..
#...## #..... #...#
#..... #...# #.....
#.....


You could see a centaur, an orc priest and an orc.

Vanquished Creatures
  Grinder (D:2)
  2 black bears (D:4)
  2 ogres
  A scorpion (D:4)
  A hound (D:4)
  An iguana (D:4)
  Jessica (D:3)
  6 adders
  An ufetubus (D:4)
  2 dart slugs
  An orc (D:3)
  4 ball pythons
  7 bats
  12 endoplasms
  3 giant cockroaches
  17 goblins
  8 hobgoblins
  6 quokkas
  16 frilled lizards
  9 kobolds
  6 rats (D:1)
107 creatures vanquished.

Vanquished Creatures (others)
  4 plants
  3 withered plants (D:2)
7 creatures vanquished.

Grand Total: 114 creatures vanquished

Notes
Turn   | Place    | Note
-------+----------+-------------------------------------------
     0 | D:1      | cheesebisquit the Troll Berserker began the quest for the
                  | Orb.
     0 | D:1      | Reached XP level 1. HP: 22/22 MP: 0/0
   114 | D:1      | Reached XP level 2. HP: 26/29 MP: 1/1
   363 | D:1      | Reached XP level 3. HP: 35/36 MP: 2/2
   428 | D:1      | Reached ** piety under Trog
   846 | D:2      | Found a radiant altar of Vehumet.
   926 | D:2      | Found a faded altar of an unknown god.
  1276 | D:3      | Noticed Grinder
  1284 | D:2      | Reached XP level 4. HP: 44/44 MP: 3/3
  1291 | D:2      | Killed Grinder
  1292 | D:2      | Reached skill level 4 in Fighting
  1292 | D:2      | Reached XP level 5. HP: 55/55 MP: 4/4
  1343 | D:3      | Reached XP level 6. HP: 63/65 MP: 5/5
  1504 | D:3      | Reached skill level 5 in Fighting
  1955 | D:3      | Noticed Jessica
  1970 | D:3      | Reached *** piety under Trog
  1983 | D:3      | Killed Jessica
  2424 | D:4      | Reached skill level 6 in Fighting
  2424 | D:4      | Reached XP level 7. HP: 25/75 MP: 6/6
  2781 | D:4      | Found a staircase to the Ecumenical Temple.
  2897 | D:4      | Reached skill level 7 in Fighting
  3192 | D:5      | Entered Level 5 of the Dungeon
  3213 | D:5      | Shot with an arrow by a centaur

Illustrated notes

Levels and vault maps discovered:
D:1:      dpeg_arrival_ratfight, layout_rooms
D:2:      wander_river, layout_rooms, shapermc_ecumenical_altar_flowoftime,
          basic_altar, minmay_hexomino_u4
D:3:      kennysheep_big_flooded_room, layout_basic, kennysheep_path_1,
          minmay_ogre_servants, uniq_grinder, uniq_jessica
D:4:      layout_loops_corners, minmay_temple_entry_large_hall, st_stairs_14,
          fountainhead, minmay_lizard_king
D:5:      layout_rooms, ashenzari_altar_1, zin_scriptorium,
          gammafunk_temple_overflow_claw, ebering_dispersal_statue_hall,
          st_stairs_7

Skill      XL: |  1  2  3  4  5  6  7 |
---------------+----------------------+-----
Unarmed Combat | 4 |  4.5
Fighting       | 4 6 7 |  7.2
Dodging        | |  2.4

Action                   |  1- 3 |  4- 6 |  7- 9 || total
-------------------------+-------+-------+-------++-------
Melee: Unarmed           |   136 |    92 |    47 ||   275
       Punch             |     3 |     1 |     1 ||     5
Invok: Berserk           |     3 |     2 |     2 ||     7
  Use: Scroll            |       |     3 |       ||     3
 Stab: Sleeping          |       |     1 |       ||     1
Armor: Animal skin       |    42 |    34 |    22 ||    98
Dodge: Dodged            |    48 |    59 |    40 ||   147
